[Event "*** Titled Tuesday Blitz"]
[Site "Chess.com"]
[Date "2019.08.06"]
[Round "1"]
[White "WarlordX"]
[Black "HrvojeZagreb"]
[Result "1-0"]
[WhiteElo "2529"]
[BlackElo "2004"]
[TimeControl "180+2"]
[EndTime "13:06:55 PDT"]
[Termination "WarlordX won by resignation"]

1. d4 e6 2. g3 f5 3. Bg2 Nf6 4. c4 Bb4+ 5. Nd2 a5 6. a3 Bxd2+ 7. Bxd2 O-O 8. Qc2 Nc6 9. e3 b6 10. Nf3 Ba6 11. O-O d5 12. cxd5 Bxf1 13. Rxf1 Ne7 14.
dxe6 Ra7 15. b4 Ne4 16. bxa5 Nxd2 17. Qxd2 Rxa5 18. Qc3 c5 19. Rd1 Qc8 20. d5 Rd8 21. Qe5 c4 22. Nh4 c3 23. Nxf5 Nxf5 24.
Qxf5 c2 25. Rc1 Rxa3 26. Be4 Rc3 27. Qxh7+ Kf8 28. Qh8+ Ke7 29. Qxg7+ Kd6 30. Qf6 Rf8 31. Qd4 Qc5 32. Qxc5+ Rxc5 33. Rxc2 Rxc2 34. Bxc2 Kxd5 35. Bb3+ Kd6 36. f4 Rc8 37. e4 Rc3 38. Bd5 b5 39.
f5 Ke5 40. e7 Rc8 41. Bc6 b4 42. e8=Q+ Rxe8 43. Bxe8 b3 44. Ba4 b2 45. Bc2 1-0

[Event "*** Titled Tuesday Blitz"]
[Site "Chess.com"]
[Date "2019.08.06"]
[Round "1"]
[White "AlexanderKing"]
[Black "Kawhi_Leonard2"]
[Result "1-0"]
[WhiteElo "2675"]
[BlackElo "2335"]
[TimeControl "180+2"]
[EndTime "13:06:58 PDT"]
[Termination "AlexanderKing won by resignation"]

1. d4 Nf6 2. c4 c5 3. d5 e6 4.
Nc3 exd5 5. cxd5 d6 6. e4 g6 7. h3 Bg7 8. Nf3 a6 9. a4 Nbd7 10. Bd3 Nh5 11. g4 Nhf6 12. Bg5 h6 13. Bf4 Qe7 14.
Nd2 h5 15. g5 Nh7 16. h4 Ne5 17. Be2 Nf8 18. Qb3 Nfd7 19. Bg3 f6 20. f4 Nf7 21. Nc4 fxg5 22. hxg5 Bd4 23. Kd2 O-O 24. Bd3 Rb8 25. a5 Nde5 26. fxe5 Qxg5+ 27. Kc2 Qxg3 28. e6 Ne5 29.
Nxe5 Rf2+ 30. Ne2 dxe5 31. d6 Rxe2+ 32. Bxe2 Qxb3+ 33. Kxb3 Bxe6+ 34. Bc4 Bxc4+ 35. Kxc4 b5+ 36. axb6 Rxb6 37. Kd5 1-0

[Event "*** Titled Tuesday Blitz"]
[Site "Chess.com"]
[Date "2019.08.06"]
[Round "1"]
[White "Morscas"]
[Black "Gubajdullin"]
[Result "0-1"]
[WhiteElo "2181"]
[BlackElo "2583"]
[TimeControl "180+2"]
[EndTime "13:06:58 PDT"]
[Termination "Gubajdullin won by resignation"]

1. e4 c6 2. d4 d5 3. e5 Bf5 4.
Nf3 e6 5. Be2 Nd7 6. O-O h6 7.
b3 Ne7 8. c4 Bh7 9. Ba3 Ng6 10.
Bxf8 Ngxf8 11. Nc3 Ng6 12. Bd3 O-O 13. g3 dxc4 14.
bxc4 c5 15. Qb1 cxd4 16. Nb5 Nc5 17. Bxg6 Bxg6 18. Qb4 Na6 19. Qa3 d3 20. Nd6 Qc7 21. Rab1 Nc5 22. Nd4 b6 23. f4 f6 24. Nb3 fxe5 25.
fxe5 Rxf1+ 26. Rxf1 Rf8 27. Nxc5 Rxf1+ 28. Kxf1 bxc5 29.
Ke1 Qb8 30. Qb3 Qd8 31. Qa3 Qg5 32. Kd1 Qe3 33. Nb7 0-1

[Event "*** Titled Tuesday Blitz"]
[Site "Chess.com"]
[Date "2019.08.06"]
[Round "1"]
[White "Kubas1010"]
[Black "Makalexa"]
[Result "1-0"]
[WhiteElo "2582"]
[BlackElo "2181"]
[TimeControl "180+2"]
[EndTime "13:06:58 PDT"]
[Termination "Kubas1010 won by resignation"]

1. d4 Nf6 2. c4 g6 3. Nc3 Bg7 4. e4 d6 5. Nf3 O-O 6. h3 Na6 7. Be3 c5 8. d5 Nd7 9. Be2 Ne5 10. Nd2 f5 11. f4 Nf7 12. O-O fxe4 13. Ndxe4 h6 14.
Bg4 Nc7 15. f5 gxf5 16. Bxf5 Bxf5 17. Rxf5 Ne5 18. Rxf8+ Qxf8 19. Qe2 Qf5 20. Ng3 Qg6 21. Nce4 Rf8 22. Rf1 Rxf1+ 23. Qxf1 h5 24. b3 e6 25. dxe6 Nxe6 26. Nf5 Kh7 27. Nexd6 Nd4 28. Bxd4 b6 29. Bxe5 Bxe5 30. Ne4 h4 31. Qf3 Qe8 32.
Nfd6 Bd4+ 33. Kf1 Qe5 34. Qf5+ Kg7 35. Qxe5+ Bxe5 36. Nf5+ 1-0

[Event "*** Titled Tuesday Blitz"]
[Site "Chess.com"]
[Date "2019.08.06"]
[Round "1"]
[White "ChessicallyInclined"]
[Black "paladin_ll"]
[Result "1-0"]
[WhiteElo "2584"]
[BlackElo "2189"]
[TimeControl "180+2"]
[EndTime "13:07:00 PDT"]
[Termination "ChessicallyInclined won by resignation"]

1. d4 Nf6 2. c4 c5 3. d5 b5 4. cxb5 a6 5. f3 d6 6. e4 g6 7. Na3 Bg7 8. Ne2 O-O 9. Nc3 axb5 10. Bxb5 Ba6 11. Qe2 Bxb5 12. Naxb5 Na6 13. O-O Nc7 14. Bd2 Nxb5 15. Nxb5 Ne8 16. Bc3 Nc7 17.
Bxg7 Kxg7 18. Na3 Qb8 19. Nc4 Nb5 20. b3 Nd4 21. Qb2 Kg8 22. Kh1 Qb4 23. Rad1 Rfb8 24.
Rf2 Ra6 25. h3 Rba8 26. Qb1 Rb8 27. Qd3 Rba8 28. Rdd2 Nb5 29. f4 Qc3 30. a4 Qxd3 31. Rxd3 Nd4 32. e5 Rb8 33. Rb2 Kg7 34. Kg1 h5 35. g3 Kf8 36. Kf2 Rxa4 37. bxa4 Ra8 38. Ra3 Nf5 39. a5 1-0

[Event "*** Titled Tuesday Blitz"]
[Site "Chess.com"]
[Date "2019.08.06"]
[Round "1"]
[White "Alopekos"]
[Black "iturrizaga"]
[Result "0-1"]
[WhiteElo "2493"]
[BlackElo "2949"]
[TimeControl "180+2"]
[EndTime "13:07:01 PDT"]
[Termination "iturrizaga won on time"]

1. e4 c5 2. Nf3 e6 3. d4 cxd4 4. Nxd4 a6 5. Nc3 Qc7 6. Bd3 g6 7. O-O Bg7 8. Nb3 Nc6 9. Be3 Nf6 10. f4 d6 11. a4 b6 12. Qf3 O-O 13. Kh1 Bb7 14.
Qh3 Rfe8 15. f5 Ne5 16. fxe6 fxe6 17. Bh6 Bh8 18. Rf4 Nf7 19. Raf1 Nxh6 20. Qxh6 Rf8 21. Nd4 Rae8 22. Nf3 Bg7 23. Qh4 h6 24. e5 dxe5 25. Rc4 Qd6 26. Bxg6 Rc8 27. Rxc8 Rxc8 28. Rd1 Qc6 29. Qh3 Nd5 30. Be4 Rd8 31. Qg3 Qc7 0-1

[Event "*** Titled Tuesday Blitz"]
[Site "Chess.com"]
[Date "2019.08.06"]
[Round "1"]
[White "RegZryt"]
[Black "LuisFSiles"]
[Result "1-0"]
[WhiteElo "2589"]
[BlackElo "2195"]
[TimeControl "180+2"]
[EndTime "13:07:02 PDT"]
[Termination "RegZryt won by resignation"]

1. d4 Nf6 2. c4 g6 3. Nc3 Bg7 4. e4 d6 5. Be2 O-O 6. Be3 c5 7. d5 e6 8. Nf3 exd5 9. cxd5 Bg4 10. Nd2 Bxe2 11. Qxe2 Re8 12. O-O Nbd7 13. h3 a6 14. a4 Rb8 15. a5 Qe7 16. Ra4 b5 17. axb6 Rxb6 18. Nc4 Rb4 19. Rxa6 Nb8 20. Ra2 Nfd7 21. Ra7 Qf8 22. Bf4 Ne5 23. Bxe5 Bxe5 24. Nxe5 Rxe5 25. f4 Re7 26. Rxe7 Qxe7 27. e5 Nd7 28. e6 Nf8 29. f5 gxf5 30. Rxf5 fxe6 31. dxe6 Rd4 32. Nd5 Rxd5 33. Rxd5 Qxe6 34. Qxe6+ Nxe6 35. Rxd6 Kf7 36. Kf2 Ke7 37. Ra6 c4 38. Ke3 h5 39. Ra5 h4 40.
Rh5 Ng7 41. Rc5 1-0

[Event "*** Titled Tuesday Blitz"]
[Site "Chess.com"]
[Date "2019.08.06"]
[Round "1"]
[White "pheonixking2000"]
[Black "djano"]
[Result "1-0"]
[WhiteElo "2693"]
[BlackElo "2349"]
[TimeControl "180+2"]
[EndTime "13:07:04 PDT"]
[Termination "pheonixking2000 won by resignation"]

1. e4 c5 2. Nf3 Nc6 3. c3 Nf6 4. e5 Nd5 5. g3 d6 6. exd6 e6 7. Bg2 Bxd6 8. O-O O-O 9. d4 cxd4 10. Nxd4 Bd7 11. Nb3 Qc7 12. c4 Nf6 13. c5 Be7 14.
Nc3 Rad8 15. Qe2 a5 16. Bf4 e5 17. Bg5 Be6 18. Rfe1 a4 19. Nxa4 Bxb3 20. axb3 h6 21. Bxf6 Bxf6 22. Bxc6 Qxc6 23. Qe4 Qe6 24. Qc4 Qh3 25.
Nc3 Rd4 26. Qb5 Rfd8 27. Qxb7 Rd2 28. Ra8 g6 29. Rxd8+ Bxd8 30. c6 Rxf2 31. Kxf2 Qxh2+ 32. Kf1 Qh1+ 33. Ke2 Qg2+ 34. Kd1 Bg5 35. Ne4 Qf3+ 36. Kc2 Be3 37. c7 Qg2+ 38. Kb1 1-0

[Event "*** Titled Tuesday Blitz"]
[Site "Chess.com"]
[Date "2019.08.06"]
[Round "1"]
[White "KarstenHansch"]
[Black "severomorskij"]
[Result "0-1"]
[WhiteElo "2432"]
[BlackElo "2848"]
[TimeControl "180+2"]
[EndTime "13:07:07 PDT"]
[Termination "severomorskij won by resignation"]

1. e4 c5 2. Nf3 Nc6 3. d4 cxd4 4. Nxd4 Nf6 5. Nxc6 bxc6 6. Nc3 e5 7. Bd3 Be7 8.
O-O O-O 9. Bg5 d6 10. Qd2 h6 11. Be3 Ng4 12. Bc4 Nxe3 13. Qxe3 Kh7 14. Bb3 f5 15.
exf5 Bxf5 16. Rad1 Bg5 17. Qf3 d5 18. Qe2 Qf6 19. Qa6 e4 20. Ba4 Rac8 21. Qxa7 Bg4 22. Rb1 Bf4 23. h3 Qh4 24. Qd4 Bxh3 25. Nxe4 dxe4 26.
gxh3 Rf6 27. Qd7 Rc7 0-1

[Event "*** Titled Tuesday Blitz"]
[Site "Chess.com"]
[Date "2019.08.06"]
[Round "1"]
[White "Drags95"]
[Black "Kirill_Kopenkin"]
[Result "1-0"]
[WhiteElo "2846"]
[BlackElo "2431"]
[TimeControl "180+2"]
[EndTime "13:07:11 PDT"]
[Termination "Drags95 won by resignation"]

1. e4 c5 2. Nf3 d6 3. Bb5+ Nd7 4.
O-O a6 5. Bxd7+ Bxd7 6. d4 cxd4 7. Qxd4 e5 8. Qd3 Rc8 9. c4 Qc7 10. b3 b5 11. Nfd2 Nf6 12. Nc3 bxc4 13. Nxc4 Be6 14.
Nd5 Bxd5 15. exd5 Be7 16. Be3 Qb7 17. Rfd1 O-O 18. Na5 Qa8 19. h3 Rc7 20. Bb6 Rcc8 21. Rac1 Nd7 22. Be3 Nf6 23. Rc6 Bd8 24. Rxa6 Qb8 25.
Nc6 Qb7 26. b4 Nxd5 27. b5 Nxe3 28. fxe3 Bb6 29. a4 Ra8 30. Rxa8 Rxa8 31. Qxd6 Bxe3+ 32. Kh1 Qb6 33. a5 Qb7 1-0

[Event "*** Titled Tuesday Blitz"]
[Site "Chess.com"]
[Date "2019.08.06"]
[Round "1"]
[White "warmoatmeal"]
[Black "stoleriu"]
[Result "1-0"]
[WhiteElo "2051"]
[BlackElo "2520"]
[TimeControl "180+2"]
[EndTime "13:07:11 PDT"]
[Termination "warmoatmeal won by resignation"]

1. d4 e6 2. Nf3 Nf6 3. Bf4 b6 4. e3 Bb7 5. Nbd2 d6 6. Be2 Nbd7 7.
O-O Qe7 8. c4 g6 9. a4 a5 10.
Nb1 Bg7 11. Nc3 O-O 12. Qc2 e5 13. Bg3 Rfe8 14. Rfe1 h6 15. Rad1 Nh5 16. dxe5 Nxg3 17. hxg3 Nxe5 18. Nd5 Qd8 19. Nxe5 Bxe5 20. Bf3 Kh8 21.
b3 c6 22. Nf4 Qf6 23. Nd3 Bc3 24. Re2 Rad8 25. Rc1 Be5 26. Nxe5 dxe5 27. Rd1 Rxd1+ 28.
Qxd1 e4 29. Bg4 Rd8 30. Rd2 Rxd2 31. Qxd2 Kg7 32. Qd7 Ba6 33. Qc7 h5 34. Bd7 c5 35.
Qa7 Qe7 36. Qxa6 Qxd7 37. Qxb6 Qd1+ 38. Kh2 Qe1 39. Qxc5 Qxf2 40. Qd4+ Kh7 41. Qxe4 Qb2 42. Qd3 Qe5 43. Qd5 Qxe3 44. Qxf7+ Kh6 45. Qf4+ 1-0

[Event "*** Titled Tuesday Blitz"]
[Site "Chess.com"]
[Date "2019.08.06"]
[Round "1"]
[White "nailbeshirli"]
[Black "1d4_1-0"]
[Result "1-0"]
[WhiteElo "2632"]
[BlackElo "2261"]
[TimeControl "180+2"]
[EndTime "13:07:15 PDT"]
[Termination "nailbeshirli won by resignation"]

1. e4 e5 2. Nf3 Nc6 3. Nc3 Nf6 4. Bb5 Bb4 5. O-O O-O 6. d3 Re8 7. Bg5 h6 8. Bxf6 Qxf6 9. Nd5 Qd6 10. c3 Ba5 11. Nh4 Ne7 12. Nxe7+ Qxe7 13. Nf5 Qf6 14. Qf3 c6 15. Ba4 d5 16. Bb3 Kh7 17. Rfe1 g6 18. Ne3 Qxf3 19. gxf3 d4 20. cxd4 Bxe1 21. Rxe1 exd4 22. Nc2 Be6 23. Nxd4 Bxb3 24. Nxb3 a5 25. d4 a4 26. Nc5 b6 27. Nd7 Rad8 28. Nf6+ Kg7 29. Nxe8+ Rxe8 30. Kf1 Kf6 31. Ke2 Rd8 32. Ke3 Ke6 33. Rc1 Kd6 34. Rc4 b5 35. Rc5 Re8 36. h4 h5 37. Kd3 Re6 38. f4 Re8 39. f3 f6 40. f5 g5 41. hxg5 fxg5 42. e5+ Kc7 43. Ke4 h4 44. Rc2 b4 45. f6 Kd7 46.
Kf5 b3 47. axb3 axb3 48. Rg2 Rg8 49. e6+ Kd8 50. f7 Rh8 51. Kf6 Rh6+ 52. Kg7 1-0

[Event "*** Titled Tuesday Blitz"]
[Site "Chess.com"]
[Date "2019.08.06"]
[Round "1"]
[White "Ba_clbaf_osed_ingo_3v21"]
[Black "brother-bear"]
[Result "1-0"]
[WhiteElo "2520"]
[BlackElo "1824"]
[TimeControl "180+2"]
[EndTime "13:07:16 PDT"]
[Termination "Ba_clbaf_osed_ingo_3v21 won by resignation"]

1. d4 g6 2. c4 Bg7 3. e4 d6 4.
Nc3 e5 5. Nf3 Nc6 6. Bg5 f6 7.
Be3 Nh6 8. dxe5 dxe5 9. Qxd8+ Nxd8 10. Nd5 Ne6 11. Nxf6+ Kf7 12. Bxh6 Bxf6 13. Be3 Bd7 14. O-O-O Bc6 15. Bd3 Rhe8 16. Bc2 a6 17. h4 Nf4 18. g3 Ne6 19. Ng5+ Bxg5 20. hxg5 Kg7 21. Rhe1 Rf8 22.
Rf1 Rf7 23. f4 Raf8 24. f5 gxf5 25. exf5 Nd4 26. Bxd4 exd4 27. Rxd4 Bd7 28. f6+ Kg8 29. Rh4 Be6 30. Rfh1 1-0

[Event "*** Titled Tuesday Blitz"]
[Site "Chess.com"]
[Date "2019.08.06"]
[Round "1"]
[White "Firouzja2003"]
[Black "FrenchMonster2002"]
[Result "1-0"]
[WhiteElo "2993"]
[BlackElo "2501"]
[TimeControl "180+2"]
[EndTime "13:07:17 PDT"]
[Termination "Firouzja2003 won by resignation"]

1. e4 c5 2. c3 Nf6 3. e5 Nd5 4. d4 cxd4 5. Nf3 Nc6 6. Bc4 e6 7. cxd4 d6 8. O-O Be7 9. Qe2 O-O 10. Rd1 b6 11. a3 Bb7 12. Bxd5 exd5 13. Nc3 dxe5 14. dxe5 Na5 15. Nd4 Bc5 16. Nf5 Nb3 17. Qg4 g6 18. Bg5 f6 19. Nh6+ Kh8 20.
exf6 Qc8 21. f7 Qc6 22. Qf4 Rxf7 23. Nxf7+ Kg7 24. Bh6+ Kg8 25. Ng5 d4 26. Qf7+ 1-0

[Event "*** Titled Tuesday Blitz"]
[Site "Chess.com"]
[Date "2019.08.06"]
[Round "1"]
[White "dcremisi"]
[Black "vanea_03"]
[Result "1-0"]
[WhiteElo "2369"]
[BlackElo "2673"]
[TimeControl "180+2"]
[EndTime "13:07:17 PDT"]
[Termination "dcremisi won by resignation"]

1. Nf3 d5 2. d4 Nf6 3. c4 e6 4.
Nc3 dxc4 5. e3 a6 6. Bxc4 b5 7. Bd3 Bb7 8. O-O c5 9. dxc5 Bxc5 10. Qe2 Nbd7 11. Rd1 O-O 12. a3 Qb8 13. b4 Bd6 14. Bb2 Bxf3 15. Qxf3 Bxh2+ 16. Kf1 Ne5 17. Qh3 Nxd3 18.
Rxd3 Be5 19. Ke2 Rd8 20. Rad1 Rxd3 21. Rxd3 Qc7 22. f4 Bxc3 23. Rxc3 Qb7 24. Rc5 Rd8 25. Bxf6 gxf6 26. Qf3 Qd7 27. Kf2 Qd2+ 28. Kg3 Qe1+ 29. Kh2 f5 30. Rc6 Rd3 31. Qh5 Kf8 32. Rc8+ Ke7 33.
Qg5+ 1-0

[Event "*** Titled Tuesday Blitz"]
[Site "Chess.com"]
[Date "2019.08.06"]
[Round "1"]
[White "VladimirBelous"]
[Black "valeriocarnicelli"]
[Result "1-0"]
[WhiteElo "2791"]
[BlackElo "2405"]
[TimeControl "180+2"]
[EndTime "13:07:18 PDT"]
[Termination "VladimirBelous won by resignation"]

1. Nf3 Nf6 2. g3 g6 3. Bg2 Bg7 4. O-O O-O 5. c4 c6 6. d4 d5 7. Nc3 dxc4 8. e4 b5 9. Re1 Bb7 10. e5 Nd5 11. Ne4 Nd7 12. e6 fxe6 13. Nfg5 Nc7 14.
Bf4 e5 15. dxe5 Nxe5 16. Qxd8 Raxd8 17. Bxe5 Bxe5 18. Nc5 Bxb2 19. Nxb7 Bxa1 20. Nxd8 Bd4 21. Nde6 Bxf2+ 22. Kf1 Bxe1+ 23. Nxf8 Bd2 24. Ne4 c3 25. Ke2 Kxf8 26. Nc5 Nd5 27. Nd7+ Kg7 28. Ne5 Bg5 29. Kd3 Bf6 30. Nxc6 a5 31. Bxd5 a4 32. Be6 h5 33.
Bd7 a3 34. Nb4 1-0

[Event "*** Titled Tuesday Blitz"]
[Site "Chess.com"]
[Date "2019.08.06"]
[Round "1"]
[White "KuzubovYuriy"]
[Black "norwaytoadog"]
[Result "1-0"]
[WhiteElo "2622"]
[BlackElo "2240"]
[TimeControl "180+2"]
[EndTime "13:07:21 PDT"]
[Termination "KuzubovYuriy won by resignation"]

1. d4 Nf6 2. c4 e6 3. Nf3 Bb4+ 4. Bd2 c5 5. Bxb4 cxb4 6. g3 O-O 7. Bg2 d6 8. a3 bxa3 9. Rxa3 Nc6 10. O-O Qe7 11. Nc3 e5 12. d5 Nb4 13. Na2 Nxa2 14. Rxa2 Bd7 15. b4 b5 16. Nd2 bxc4 17. Nxc4 Bb5 18.
Na5 e4 19. Qd4 Rac8 20. Nc6 Bxc6 21. dxc6 Rxc6 22. Rxa7 Qe5 23. Qxe5 dxe5 24. Re7 Re6 25. Rxe6 fxe6 26. b5 Rb8 27. Rb1 Nd5 28. Rb3 Nc7 29. b6 Nd5 30. b7 Nf6 31. Bh3 Kf7 32. Rb6 Ke7 33. Bxe6 Kd8 34. Bc8 Kc7 35. Re6 Nd5 36.
Rxe5 Nb6 37. Rxe4 Nxc8 38. bxc8=Q+ Rxc8 39. Rc4+ 1-0

[Event "*** Titled Tuesday Blitz"]
[Site "Chess.com"]
[Date "2019.08.06"]
[Round "1"]
[White "Adham_Fawzy"]
[Black "ruvat"]
[Result "1-0"]
[WhiteElo "2715"]
[BlackElo "2368"]
[TimeControl "180+2"]
[EndTime "13:07:22 PDT"]
[Termination "Adham_Fawzy won by resignation"]

1. e4 d6 2. d4 Nf6 3. Nc3 g6 4. Be3 c6 5. h3 Nbd7 6. Nf3 Bg7 7.
Qd2 O-O 8. Bh6 e5 9. O-O-O Qe7 10. Bxg7 Kxg7 11. d5 c5 12. h4 h5 13. Ng5 a6 14. f3 b5 15. Kb1 Nb6 16. Ne2 a5 17. g4 Rh8 18. Ng3 Bd7 19. Be2 Nc4 20. Qc1 a4 21. a3 hxg4 22. fxg4 Bxg4 23. h5 Bxe2 24. h6+ Kf8 25. Nxe2 Ng4 26. Rdf1 f6 27.
Rhg1 Nce3 28. Rf3 Rxh6 29. Ne6+ Ke8 30. Rxe3 Nxe3 31. Qxe3 g5 32. Ng3 Rh3 33. Qe2 Kd7 34. Qxb5+ 1-0

[Event "*** Titled Tuesday Blitz"]
[Site "Chess.com"]
[Date "2019.08.06"]
[Round "1"]
[White "filali-marouan"]
[Black "NTBT_DHS"]
[Result "0-1"]
[WhiteElo "2323"]
[BlackElo "2665"]
[TimeControl "180+2"]
[EndTime "13:07:22 PDT"]
[Termination "NTBT_DHS won on time"]

1. e4 c5 2. Nf3 Nc6 3. d4 cxd4 4. Nxd4 Nf6 5. Nxc6 bxc6 6. Nc3 e5 7. Bc4 Bb4 8. Qd3 O-O 9. O-O Bxc3 10. bxc3 d5 11.
exd5 cxd5 12. Bb3 Be6 13. Qg3 Qc7 14. Bh6 Ne8 15. Rad1 Kh8 16. Be3 Rd8 17. f4 Nd6 18.
fxe5 Ne4 19. Qf4 Nxc3 20. Rde1 a5 21. a4 Rb8 22. Rf3 Rb4 23. Qg5 h6 24. Qh5 Bg4 0-1

[Event "*** Titled Tuesday Blitz"]
[Site "Chess.com"]
[Date "2019.08.06"]
[Round "1"]
[White "VladDobrov"]
[Black "bugsbunny444"]
[Result "1-0"]
[WhiteElo "2935"]
[BlackElo "2492"]
[TimeControl "180+2"]
[EndTime "13:07:23 PDT"]
[Termination "VladDobrov won by resignation"]

1. d4 e6 2. c4 b6 3. Nf3 Bb7 4. Nc3 f5 5. a3 Nf6 6. d5 Bd6 7. g3 Na6 8. Bg2 Nc5 9. O-O O-O 10. Nd4 Be5 11. Rb1 Qe7 12. Bg5 h6 13. Bxf6 Qxf6 14.
e3 g5 15. b4 Na6 16. f4 Bd6 17. Qd2 e5 18. fxe5 Qxe5 19. Rbe1 Rae8 20. Qd3 c5 21. dxc6 Bxc6 22. Bxc6 dxc6 23. Nxf5 Re6 24. Nd4 Ref6 25. Rxf6 Qxf6 26. Ne4 Qg6 27. Nxc6 1-0

[Event "*** Titled Tuesday Blitz"]
[Site "Chess.com"]
[Date "2019.08.06"]
[Round "1"]
[White "Mr_Penings"]
[Black "GM_shahin"]
[Result "1-0"]
[WhiteElo "2485"]
[BlackElo "2888"]
[TimeControl "180+2"]
[EndTime "13:07:23 PDT"]
[Termination "Mr_Penings won by resignation"]

1. c4 e5 2. Nc3 Bb4 3. Nd5 Bc5 4.
Nf3 c6 5. Nc3 d6 6. e3 Bb4 7.
Qc2 Nf6 8. a3 Ba5 9. b4 Bc7 10.
Bb2 O-O 11. Ng5 h6 12. h4 a6 13. Bd3 d5 14. O-O-O e4 15. Be2 hxg5 16. hxg5 Nh7 17. f4 f5 18. Rh5 d4 19. Rdh1 d3 20. Rxh7 Kf7 21. Bh5+ Ke6 22. Qb3 c5 23. Rxg7 Nc6 24. Nd5 Bd6 25. Be8 1-0

[Event "*** Titled Tuesday Blitz"]
[Site "Chess.com"]
[Date "2019.08.06"]
[Round "1"]
[White "sergoy"]
[Black "Aknok"]
[Result "1-0"]
[WhiteElo "2845"]
[BlackElo "2431"]
[TimeControl "180+2"]
[EndTime "13:07:23 PDT"]
[Termination "sergoy won by resignation"]

1. d4 f5 2. c4 Nf6 3. Nf3 g6 4. e3 Bg7 5. b4 d5 6. Bb2 O-O 7. Nbd2 e6 8. Be2 Ne4 9. O-O Nd7 10. Qb3 c6 11. b5 g5 12. Nxe4 fxe4 13. Ne5 Nxe5 14.
dxe5 Bd7 15. bxc6 bxc6 16. Bd4 Qc7 17. Qc3 Rac8 18. Rac1 Qb8 19. c5 Qc7 20. h3 Be8 21. Rb1 h5 22. Rb2 Rb8 23. Rfb1 Rxb2 24. Qxb2 Qf7 25.
Ba6 g4 26. h4 g3 27. fxg3 Qg6 28. Kh2 Qf5 29. Rf1 Qg4 30. Rxf8+ Kxf8 31. Qb8 Qd1 32. Bc8 Kf7 33. Qc7+ Kg6 34. Bxe6 Qf1 35. Qe7 Bf7 36.
Qg5+ Kh7 37. Bf5+ Kg8 38. e6 1-0

[Event "*** Titled Tuesday Blitz"]
[Site "Chess.com"]
[Date "2019.08.06"]
[Round "1"]
[White "riconaipe"]
[Black "Amirreza_p"]
[Result "1-0"]
[WhiteElo "2448"]
[BlackElo "2829"]
[TimeControl "180+2"]
[EndTime "13:07:25 PDT"]
[Termination "riconaipe won by resignation"]

1. d4 d5 2. c4 c6 3. Nf3 Nf6 4. Nc3 e6 5. e3 Nbd7 6. Qc2 Bd6 7. g4 Nxg4 8. Rg1 Qf6 9. Rxg4 Qxf3 10. Rxg7 Nf6 11. Bd2 Bd7 12. Bg2 Qh5 13. e4 dxe4 14. Nxe4 Nxe4 15. Qxe4 O-O-O 16. Bf4 Bxf4 17. Qxf4 Rdg8 18.
Rg3 Qa5+ 19. Qd2 Qh5 20. Qf4 Qa5+ 21. Qd2 Qf5 22. O-O-O h5 23. d5 exd5 24. cxd5 c5 25. Bh3 Qf6 26. Bxd7+ Kxd7 27. d6 h4 28. Re3 Re8 29.
Qa5 Rxe3 30. fxe3 Qf3 31. Qc7+ Ke6 32. Qe7+ Kf5 33. Qxf7+ Ke4 34. Qd5+ Kxe3 35. Rd3+ Ke2 36. Qxf3+ 1-0

[Event "*** Titled Tuesday Blitz"]
[Site "Chess.com"]
[Date "2019.08.06"]
[Round "1"]
[White "DimaNe"]
[Black "Mops_2004"]
[Result "0-1"]
[WhiteElo "2022"]
[BlackElo "2533"]
[TimeControl "180+2"]
[EndTime "13:07:29 PDT"]
[Termination "Mops_2004 won by checkmate"]

1. e4 e6 2. d4 d5 3. e5 c5 4. c3 Qb6 5. Nf3 Nc6 6. a3 Nh6 7. b4 cxd4 8. cxd4 Nf5 9. Bb2 Be7 10. Bd3 O-O 11. Bxf5 exf5 12. O-O Be6 13. Nbd2 Rfc8 14. Rb1 a5 15. bxa5 Qxa5 16. Nb3 Qa4 17. Nc5 Qa7 18.
Rc1 b6 19. Nd3 Na5 20. Bc3 Bxa3 21. Ra1 Rxc3 22. Qd2 Rac8 23. Nf4 Nc4 24. Qe2 Qd7 25. Nd3 Be7 26. Nf4 g6 27. Rfb1 b5 28. Qe1 b4 29.
Ne2 Ra3 30. Rxa3 Nxa3 31. Rc1 Rxc1 32. Qxc1 Nc4 33. Qc2 Qb7 34. Qb3 Na5 35. Qb1 b3 36. Nd2 b2 37. Nf3 Qb3 38. Nd2 Qa3 39. Qd1 Qa1 40.
Nb1 Nc4 41. Nec3 Na3 42. Qd3 Nxb1 43. Nxb1 f4 44. g3 Bf5 45. Qb3 Qxb1+ 46. Kg2 Be4+ 47. Kh3 Qf1+ 48. Kg4 h5+ 49. Kxf4 b1=Q 50. Qxb1 Qxb1 51.
f3 Qc1# 0-1

[Event "*** Titled Tuesday Blitz"]
[Site "Chess.com"]
[Date "2019.08.06"]
[Round "1"]
[White "alturas_pacificas"]
[Black "SmoothAsAHedgehog"]
[Result "0-1"]
[WhiteElo "2247"]
[BlackElo "2624"]
[TimeControl "180+2"]
[EndTime "13:07:31 PDT"]
[Termination "SmoothAsAHedgehog won by resignation"]

1. d4 Nf6 2. Bf4 e6 3. e3 b6 4.
Nf3 Bb7 5. c4 Bb4+ 6. Nc3 O-O 7.
Bd3 Ne4 8. Qc2 f5 9. a3 Bxc3+ 10.
bxc3 d6 11. h4 Nd7 12. Ng5 Nxg5 13. hxg5 g6 14. O-O-O Bxg2 15. Rh2 Bf3 16. Be2 Bxe2 17. Qxe2 Rf7 18. Qf3 Rb8 19. Rh6 Qe7 20. Rdh1 Nf8 21.
Qg2 e5 22. Bh2 Re8 23. d5 f4 24. e4 Qd7 25. Qf1 Qa4 26. Kb2 b5 27. c5 Qxe4 28.
c6 Qxd5 29. Qd1 Qxd1 30. Rxd1 Ne6 31. f3 Nxg5 32. Bg1 a6 33. Ba7 Nxf3 34. Rdh1 e4 35.
Bf2 e3 0-1

[Event "*** Titled Tuesday Blitz"]
[Site "Chess.com"]
[Date "2019.08.06"]
[Round "1"]
[White "Walter_White_Poland"]
[Black "HansCoolNiemann"]
[Result "0-1"]
[WhiteElo "2338"]
[BlackElo "2688"]
[TimeControl "180+2"]
[EndTime "13:07:40 PDT"]
[Termination "HansCoolNiemann won on time"]

1. e4 g6 2. d4 Bg7 3. Nc3 c6 4. Nf3 d5 5. h3 dxe4 6. Nxe4 Nf6 7. Nxf6+ exf6 8. Bc4 O-O 9. O-O Nd7 10. a4 Nb6 11. Bb3 Nd5 12. a5 Be6 13. Re1 b5 14.
axb6 axb6 15. Rxa8 Qxa8 16. Bd2 b5 17. Qe2 Re8 18. Qf1 h6 19. Ra1 Qb7 20. Ra2 Nc7 21. Bxe6 Nxe6 22. Qa1 Qd7 23. Ra7 Qd5 24. Qa2 Qe4 25.
c3 g5 26. Be3 h5 27. Nd2 Qf5 28. Qa6 Qd5 29. Ra8 Rxa8 30. Qxa8+ Kh7 31. Qe8 Kg6 32. b3 f5 33. c4 Qd6 34. d5 cxd5 35.
c5 Nxc5 36. Qxb5 Ne6 37. Qb6 Qe5 38. Nf3 Qa1+ 39. Kh2 d4 40. Bxg5 d3 41. Be3 Be5+ 42.
Nxe5+ Qxe5+ 43. g3 Qd5 44. Qb4 h4 45. gxh4 Qf3 46.
h5+ Kxh5 0-1

[Event "*** Titled Tuesday Blitz"]
[Site "Chess.com"]
[Date "2019.08.06"]
[Round "1"]
[White "giantslayer83"]
[Black "ChessFunMaker"]
[Result "1-0"]
[WhiteElo "2608"]
[BlackElo "2220"]
[TimeControl "180+2"]
[EndTime "13:07:40 PDT"]
[Termination "giantslayer83 won by checkmate"]

1. d4 Nf6 2. c4 g6 3. Nc3 Bg7 4.
e4 O-O 5. Be2 d6 6. Bg5 Na6 7.
Qd2 e5 8. d5 c6 9. f3 cxd5 10.
cxd5 Qa5 11. a3 Bd7 12. h4 h5 13. Nh3 b5 14. Nf2 b4 15. Ncd1 Rab8 16. O-O Nc5 17. axb4 Qxa1 18. bxc5 dxc5 19. Nd3 c4 20. Nc5 Ba4 21.
Nc3 Qxb2 22. N5xa4 Qxd2 23. Bxd2 Nd7 24. Be3 Nb6 25.
Nxb6 axb6 26. Nb5 Rfc8 27. Rc1 Bf8 28. d6 Rd8 29. Bg5 Rd7 30. Bf6 Bxd6 31. Nxd6 Rxd6 32. Bxe5 Rd2 33. Bxb8 Rxe2 34. Rxc4 Rb2 35. Rc8+ Kh7 36. Be5 Rb1+ 37. Kh2 g5 38. hxg5 Kg6 39. Rg8+ Kh7 40. Rg7+ Kh8 41. Rg6+ f6 42. Bxf6+ Kh7 43. Rh6+ Kg8 44. g6 Rh1+ 45. Kxh1 h4 46. Rh8# 1-0

[Event "*** Titled Tuesday Blitz"]
[Site "Chess.com"]
[Date "2019.08.06"]
[Round "1"]
[White "nitpicker"]
[Black "vlad10898"]
[Result "0-1"]
[WhiteElo "2239"]
[BlackElo "2622"]
[TimeControl "180+2"]
[EndTime "13:07:41 PDT"]
[Termination "vlad10898 won on time"]

1. d4 Nf6 2. Bg5 d5 3. Nf3 e6 4. e3 c5 5. Bd3 Nc6 6. c3 Qb6 7. Qc2 Bd7 8. Nbd2 Rc8 9. a3 Bd6 10. O-O h6 11. Bh4 Nh5 12. Bg3 Nxg3 13. hxg3 f5 14. g4 fxg4 15. Bg6+ Kd8 16. dxc5 Bxc5 17. Nh4 Be7 18. g3 Bxh4 19. gxh4 g3 20. Rae1 gxf2+ 21. Rxf2 Ne5 22. Rg2 Kc7 23. Bh5 Rhg8 24. Nf3 Nxf3+ 25.
Bxf3 Rcf8 26. Rg3 g5 27. hxg5 Rxg5 28. Rxg5 hxg5 29. Kg2 g4 30. Bd1 Qd6 31. c4 dxc4 32.
Qxc4+ Bc6+ 33. e4 Qf4 0-1